[Event "Israel Team Championship 2025"]
[Site "Israel"]
[Date "2025.01.18"]
[Round "4"]
[White "Dvoirys, Semen I."]
[Black "Manor, Ilan"]
[Result "1-0"]
[Annotator "TA"]
[ECO "B33"]
[WhiteElo "2462"]
[BlackElo "2470"]
[PlyCount "87"]
[EventDate "2025.01.07"]
[EventType "team-tourn"]
[EventCountry "ISR"]
[SourceTitle "playchess.com"]
[Source "ChessBase"]
[SourceQuality "1"]
[TimeControl "40/5400+30:1800+30"]

1. e4 c5 2. Nf3 Nc6 3. d4 cxd4 4. Nxd4 Nf6 5. Nc3 e5 6. Ndb5 d6 7. Bg5 a6 8. Na3 b5 9. Bxf6 gxf6 10. Nd5 f5 11. c3 Bg7 12. exf5 Bxf5 13. Nc2 O-O 14. a4 Ne7 15. Nce3 Be6 16. Be2 Nxd5 17. Nxd5 bxa4 18. Rxa4 a5 19. O-O Rb8 20. b4 axb4 21. cxb4 Kh8 22. b5 Qc8 23. Qd2 {White is more active.} Qc5 24. Rd1 f5 25. Ra6 (25. Ra5 {simplifies} Bxd5 26. Qxd5 Qxd5 27. Rxd5 Rfc8 28. g3) 25... e4 26. Nf4 $36 {[%csl LRd6,LRe6][%mdl 2048] White is on the roll.} Bb3 27. Rc1 (27. Qxd6 Qxd6 28. Rdxd6 Be5 $17) 27... Qd4 28. Rxd6 Qxd2 29. Rxd2 Bh6 (29... Be5 $16 {keeps fighting.} 30. g3 Rbc8 31. Rxc8 Rxc8) 30. g3 $18 Rg8 31. Kf1 Rg7 32. Rc3 Bf7 33. Rd6 Bxf4 34. gxf4 Rg6 35. Rdc6 Kg7 36. Rc8 Rb7 $2 (36... Rgb6 37. Ke1 Rxb5) 37. R8c7 Rbb6 38. R3c5 Rgf6 39. Bc4 Kf8 40. Rxf7+ Rxf7 41. Bxf7 Kxf7 42. Rxf5+ Kg6 43. Re5 Rd6 44. Rxe4 1-0

[Event "Israel Team Championship 2025"]
[Site "Israel"]
[Date "2025.01.18"]
[Round "4"]
[White "Zifroni, Dov"]
[Black "Greenfeld, Alon"]
[Result "0-1"]
[Annotator "TA"]
[ECO "D40"]
[WhiteElo "2458"]
[BlackElo "2469"]
[PlyCount "66"]
[EventDate "2025.01.07"]
[EventType "team-tourn"]
[EventCountry "ISR"]
[SourceTitle "playchess.com"]
[Source "ChessBase"]
[SourceQuality "1"]
[TimeControl "40/5400+30:1800+30"]

1. Nf3 c5 2. c4 Nf6 3. Nc3 e6 4. e3 d5 5. cxd5 exd5 6. d4 a6 7. g3 c4 8. Bg2 Bb4 9. O-O O-O 10. Ne5 Nc6 11. Bd2 Re8 12. Nxc6 bxc6 13. b3 a5 (13... Bxc3 $5 14. Bxc3 $8 Ne4 $11) 14. bxc4 Ba6 15. Qc2 Bxc4 16. Rfb1 Bxc3 17. Bxc3 Ne4 18. Bb2 Qf6 19. Bc1 ({White should play} 19. Bxe4 $11 Rxe4 20. Ba3) 19... h5 $15 20. f3 Ng5 21. Qd1 {[#]} h4 $1 $36 {[%mdl 2048] White is under strong pressure. Black is much more active.} 22. gxh4 Ne6 23. Ba3 (23. Bd2 $15 {deserves consideration.}) 23... Qxh4 $17 24. Qe1 (24. Kh1 $17 {was called for.}) 24... Qh6 $19 25. Qd2 {[#]} Nf4 $1 26. Re1 {[#]} (26. exf4 Re2) 26... Ne2+ $1 27. Rxe2 Bxe2 28. Qxe2 $2 (28. Bc1 Bc4 29. e4) 28... Rxe3 ({Not} 28... Qxe3+ 29. Qxe3 Rxe3 30. Bc5 $11) 29. Qb2 Rae8 30. Qc1 Qh4 {Strongly threatening ...Re1+.} 31. Bf1 {[#]} Re2 $1 32. Bd6 Qxd4+ $2 (32... Qf2+ 33. Kh1 Qxf3+ (33... Rxa2 34. Rxa2 Qxa2 35. Qxc6 $11) (33... Re1 $2 34. Qxe1 Rxe1 35. Rxe1 $19) 34. Kg1 Qf2+ (34... Qg4+ $2 35. Bg3 $19) 35. Kh1 Re1 (35... Rxa2 36. Rxa2 Qxa2 37. Qxc6 $11) 36. Qxe1 Rxe1 37. Rxe1 Qxe1) 33. Kh1 {[#]} Re1 $1 0-1

[Event "Israel Team Championship 2025"]
[Site "Israel"]
[Date "2025.01.18"]
[Round "4"]
[White "Khmelniker, Ilya"]
[Black "Lev, Ronen"]
[Result "1/2-1/2"]
[Annotator "TA"]
[ECO "D11"]
[WhiteElo "2451"]
[BlackElo "2338"]
[PlyCount "66"]
[EventDate "2025.01.07"]
[EventType "team-tourn"]
[EventCountry "ISR"]
[SourceTitle "playchess.com"]
[Source "ChessBase"]
[SourceQuality "1"]
[TimeControl "40/5400+30:1800+30"]

1. d4 d5 2. Nf3 Nf6 3. g3 c6 4. Bg2 Bf5 5. c4 e6 6. Nc3 Nbd7 7. Nh4 Bg6 8. Nxg6 hxg6 9. Qd3 dxc4 10. Qxc4 e5 11. e3 exd4 12. exd4 Nb6 13. Qe2+ Be7 14. O-O O-O 15. Rd1 Re8 16. Qc2 Qd7 17. Qb3 Rad8 18. Bf4 Nfd5 19. Bd2 Bf6 20. Ne4 Qf5 21. Nxf6+ Nxf6 {A dynamic duo of knights.} 22. Be1 Rd7 23. a4 Nbd5 24. Rac1 g5 25. Qf3 Qxf3 26. Bxf3 g4 27. Bg2 Re2 28. b4 Rb2 29. Rb1 Ra2 30. Ra1 Rxa1 31. Rxa1 Nc7 {[%cal Oa7a6] [#]} 32. b5 $1 cxb5 33. Bxb7 {Bc6 would now be deadly.} Rxd4 1/2-1/2

[Event "Israel Team Championship 2025"]
[Site "Israel"]
[Date "2025.01.18"]
[Round "4"]
[White "Zanan, Evgeny"]
[Black "Mindlin, Alon"]
[Result "1/2-1/2"]
[Annotator "TA"]
[ECO "E11"]
[WhiteElo "2450"]
[BlackElo "2443"]
[PlyCount "42"]
[EventDate "2025.01.07"]
[EventType "team-tourn"]
[EventCountry "ISR"]
[SourceTitle "playchess.com"]
[Source "ChessBase"]
[SourceQuality "1"]
[TimeControl "40/5400+30:1800+30"]

1. d4 Nf6 2. c4 e6 3. Nf3 Bb4+ 4. Bd2 Qe7 5. g3 Nc6 6. Nc3 Bxc3 7. Bxc3 Ne4 8. Rc1 d6 9. Bg2 O-O 10. d5 Nxc3 11. Rxc3 Nb8 12. dxe6 fxe6 13. Nd4 e5 14. Nc2 Nc6 15. b4 Be6 16. b5 Nd8 17. O-O Kh8 18. Nb4 Qd7 19. a4 Bh3 20. c5 {and Bxh3 would now be decisive} Bxg2 21. Kxg2 Ne6 1/2-1/2

[Event "Israel Team Championship 2025"]
[Site "Israel"]
[Date "2025.01.18"]
[Round "4"]
[White "Bakalchuk, Johnatan"]
[Black "Guz, Ari"]
[Result "1/2-1/2"]
[Annotator "TA"]
[ECO "D00"]
[WhiteElo "2445"]
[BlackElo "2336"]
[PlyCount "108"]
[EventDate "2025.01.07"]
[EventType "team-tourn"]
[EventCountry "ISR"]
[SourceTitle "playchess.com"]
[Source "ChessBase"]
[SourceQuality "1"]
[TimeControl "40/5400+30:1800+30"]

1. d4 d5 2. Nc3 Nf6 3. Bf4 a6 4. e3 b5 5. h4 e6 6. g4 Bb4 7. g5 Ne4 8. Nge2 Nd7 9. a3 Nxc3 10. Nxc3 Bd6 11. Qg4 Qe7 12. Bd3 Bb7 13. Bxd6 Qxd6 14. h5 c5 15. dxc5 Nxc5 16. O-O-O Rc8 17. Kb1 {White is more active.} Nxd3 18. Rxd3 Rc4 $1 19. Rd4 Rxc3 20. bxc3 $18 e5 (20... O-O 21. h6 Rc8 22. hxg7 Qe5) 21. Rb4 O-O 22. h6 g6 23. f4 Re8 24. Rd1 Bc6 25. fxe5 Qxe5 26. Rd3 Qe6 27. Qxe6 Rxe6 {[%mdl 4096] Endgame KRR-KRB} 28. Rf4 f5 {[#]} 29. a4 $1 Kf7 (29... Re5 30. Kc1) 30. axb5 axb5 31. Kb2 Ke7 32. Rf1 Kd6 33. Ra1 Re7 {Inhibits Ra7.} (33... Bb7 34. Ra7 Re7) 34. Kc1 Kc7 $2 (34... Bb7 {is a better defense.} 35. Kd2 Kc5) 35. Ra7+ Bb7 36. Rxd5 Kb6 {[#]} (36... Rxe3 $2 37. Rxb5 Rh3 38. Rbxb7+ $18 (38. Raxb7+ Kc6 $18)) 37. Rxb7+ $1 Rxb7 {KR-KR. White is a pawn up.} (37... Kxb7 38. Rd6) 38. Kd2 Kc6 {[#]} (38... Rf7 $142 39. Rd4 Kc6) 39. Rd8 $1 Re7 40. Kd3 Ra7 (40... Kc7 $142 41. Rg8 Rd7+ 42. Ke2 Kd6) 41. Rg8 Ra4 $2 (41... Ra1 42. c4 bxc4+ 43. Kxc4 Rg1) 42. Rg7 Rg4 43. Rxh7 Rxg5 44. Rh8 Rh5 45. h7 Kb7 {Inhibits Rc8.} 46. c4 bxc4+ 47. Kxc4 g5 48. Kd3 {c4 is the strong threat.} Rh2 49. c4 $2 (49. e4 $18 {is the precise move to win.} Rh3+ 50. Kd4 fxe4 51. Kxe4) 49... g4 $16 {[#]} 50. c5 (50. e4 $1 $16 f4 51. Rf8 Rh3+ 52. Kd2 Rxh7 53. Rxf4) 50... g3 $14 51. c6+ Kc7 $1 (51... Kxc6 $2 {perishes.} 52. Rc8+ Kd6 53. h8=Q $18 (53. h8=R Ra2 $18)) 52. Kd4 g2 53. Rg8 Rxh7 {( -> ...Rh4+)} 54. Kd5 Re7 1/2-1/2

[Event "Israel Team Championship 2025"]
[Site "Israel"]
[Date "2025.01.15"]
[Round "4"]
[White "Baron, Tal"]
[Black "Haimovich, Tal"]
[Result "1/2-1/2"]
[Annotator "TA"]
[ECO "C70"]
[WhiteElo "2441"]
[BlackElo "2322"]
[PlyCount "63"]
[EventDate "2025.01.07"]
[EventType "team-tourn"]
[EventCountry "ISR"]
[SourceTitle "playchess.com"]
[Source "ChessBase"]
[SourceQuality "1"]
[TimeControl "40/5400+30:1800+30"]

1. e4 e5 2. Nf3 Nc6 3. Bb5 a6 4. Ba4 f5 5. d4 exd4 6. e5 (6. exf5 Qe7+ 7. Kf1 b5 $11) 6... b5 7. Bb3 Na5 8. Qxd4 Bb7 9. Bd5 c6 10. Bxg8 $1 Rxg8 11. Qd3 {White is more active.} ({Much worse is} 11. Bg5 $6 Qc7 $11) 11... g6 12. Nc3 d5 13. exd6 (13. O-O $16) 13... Qxd6 $14 14. Qe2+ (14. Qxd6 $14 Bxd6 15. Bg5) 14... Qe7 $11 15. Be3 Nc4 16. O-O-O Nxe3 17. fxe3 Bg7 18. Rd3 Bxc3 19. bxc3 Rd8 20. Rhd1 Rd5 21. c4 bxc4 22. Rc3 $1 Qb4 23. Qxc4 (23. Rxc4 {leads to mate.} Qa3+ (23... Rxd1+ $2 24. Kxd1 Qb1+ 25. Kd2 $19) 24. Kb1 Rb5+) 23... Qxc4 24. Rxc4 {Threatens to win with Rxd5.} Rxd1+ 25. Kxd1 {[%mdl 4096] Endgame KRB-KRN} Kd7 26. Nd4 Re8 27. Kd2 Re5 28. Nb3 Kd6 29. Rd4+ Kc7 30. Rc4 Kd6 31. Rd4+ Kc7 32. Rc4 1/2-1/2

[Event "Israel Team Championship 2025"]
[Site "Israel"]
[Date "2025.01.15"]
[Round "4"]
[White "Gershon, Alik"]
[Black "Tzidkiya, Yeshaayahu"]
[Result "0-1"]
[Annotator "TA"]
[ECO "D79"]
[WhiteElo "2433"]
[BlackElo "2479"]
[PlyCount "88"]
[EventDate "2025.01.07"]
[EventType "team-tourn"]
[EventCountry "ISR"]
[SourceTitle "playchess.com"]
[Source "ChessBase"]
[SourceQuality "1"]
[TimeControl "40/5400+30:1800+30"]

1. c4 Nf6 2. Nc3 g6 3. g3 Bg7 4. Bg2 O-O 5. d4 c6 6. Nf3 d5 7. cxd5 cxd5 8. Ne5 Nc6 9. Nxc6 bxc6 10. O-O Bf5 11. Na4 Nd7 12. Be3 Nb6 13. Rc1 Rc8 14. Nxb6 Qxb6 15. Qd2 a5 16. b3 a4 17. b4 a3 $1 18. Qc3 Qa6 19. Bf3 Qa4 20. Qc5 Rfe8 21. Rc3 e5 22. dxe5 $1 Bf8 23. Qd4 Qxb4 24. Rfc1 Qb2 $36 {[%mdl 2048] Black is pushing.} 25. g4 Bb1 {Black is more active.} 26. Bxd5 Bxa2 $17 (26... cxd5 $2 27. Rxc8 $18) 27. Bxc6 (27. Bxa2 $17 {was the only chance.} Qxa2 28. R3c2) 27... Red8 $19 28. Qb6 Rb8 29. Qa7 Qxe2 30. Bb6 $2 (30. h3 Rd1+ 31. Kg2 Rxc1 32. Rxc1) 30... Rd1+ 31. Rxd1 Qxd1+ 32. Kg2 Bd5+ 33. Kh3 {[#]} h5 $1 34. Rg3 (34. Qd7 Qf1+) 34... hxg4+ 35. Kh4 Rxb6 36. Bxd5 Qxd5 37. Qxb6 Qxe5 {KQR-KQB} (37... a2 $142 38. Qb2 Qd1 (38... Be7+ $2 39. Kxg4 Qd1+ 40. Kh3 $19) 39. Re3 a1=Q (39... a1=B $2 40. Qe2 $19) 40. Qxa1 Qxa1 41. Kxg4 Bc5 42. Kf4 Bxe3+ 43. fxe3 Qf1+ 44. Ke4 Qg2+ 45. Kd4 Qxh2 46. Ke4 Qc2+ 47. Kf3 Qf5+ 48. Kg2 g5 (48... Qxe5 {gets mated.} 49. Kf3 f5 50. Kf2 Qe4 51. Kg3 Qxe3+ 52. Kg2 f4 53. Kf1 Qd2 54. Kg1 Qc2 55. Kh1 f3 56. Kg1 Qg2#) 49. e6 fxe6 (49... Qxe6 50. Kf3 g4+ 51. Kf4 f5 52. Kg5 g3 53. Kf4 g2 54. e4 Qxe4+ 55. Kg5 g1=Q+ 56. Kh6 Qh4#) 50. Kg3 g4 51. Kh4 Qf3 52. e4 g3 (52... Qxe4 53. Kg3 Qf3+ 54. Kh4 Kg7 55. Kg5 Qg3 56. Kh5 Kf6 57. Kh6 Qh4#) 53. Kh3 g2+ (53... Qxe4 54. Kxg3 Kh7 55. Kh3 Kg6 56. Kh2 Kf5 57. Kg1 Kg4 58. Kf2 Kh3 59. Kf1 Kg3 60. Kg1 Qg2#) 54. Kh2 e5 (54... Qxe4 $2 55. Kg1 Qg4 56. Kh2 g1=Q#) 55. Kg1 Qf1+ 56. Kh2 g1=Q#) 38. Re3 Qh5+ 39. Kg3 Qh3+ 40. Kf4 Bh6+ 41. Ke4 Bxe3 42. Qb8+ Kh7 43. fxe3 Qf3+ 44. Kd3 a2 0-1

[Event "Israel Team Championship 2025"]
[Site "Israel"]
[Date "2025.01.15"]
[Round "4"]
[White "Aizenberg, Benny"]
[Black "Tifferet, Shakked"]
[Result "1-0"]
[Annotator "TA"]
[ECO "C92"]
[WhiteElo "2426"]
[BlackElo "2305"]
[PlyCount "73"]
[EventDate "2025.01.07"]
[EventType "team-tourn"]
[EventCountry "ISR"]
[SourceTitle "playchess.com"]
[Source "ChessBase"]
[SourceQuality "1"]
[TimeControl "40/5400+30:1800+30"]

1. e4 e5 2. Nf3 Nc6 3. Bb5 a6 4. Ba4 Nf6 5. O-O Be7 6. Re1 b5 7. Bb3 d6 8. c3 O-O 9. h3 Bb7 10. d4 Re8 11. Ng5 Rf8 12. Nf3 Re8 13. Nbd2 Bf8 14. a4 Na5 15. Bc2 exd4 16. cxd4 b4 $1 17. b3 g6 18. Bb2 Bg7 19. Bd3 Nd7 20. Qc2 d5 21. Rac1 dxe4 22. Bxe4 Bxe4 23. Nxe4 Nf6 24. Nxf6+ Qxf6 25. Re5 Rxe5 26. dxe5 Qd8 $2 (26... Qe7 $1 $11 {and Black stays safe.}) 27. e6 $1 $18 (27. Qxc7 Nxb3 28. Rc2 Qxc7 29. Rxc7 h6 $16) 27... Bxb2 28. exf7+ (28. Qxb2 fxe6 29. Nd2 Qd7 $16) 28... Kxf7 29. Qxb2 {Strongly threatening Qe5.} Qd6 (29... c6 $142 30. Qe5 Ra7 31. Ng5+ Kg8) 30. Ng5+ Kg8 31. Ne4 Qe7 32. Nf6+ Kf7 33. Nd5 Qd6 34. Rxc7+ Ke6 {[#]} 35. Qd4 $1 Kf5 (35... Qxd5 36. Qe3+) 36. g4+ Kg5 37. Qe3+ 1-0

[Event "Israel Team Championship 2025"]
[Site "Israel"]
[Date "2025.01.18"]
[Round "4"]
[White "Soffer, Ram"]
[Black "Kargin, Arseny"]
[Result "1/2-1/2"]
[Annotator "TA"]
[ECO "B51"]
[WhiteElo "2423"]
[BlackElo "2368"]
[PlyCount "32"]
[EventDate "2025.01.07"]
[EventType "team-tourn"]
[EventCountry "ISR"]
[SourceTitle "playchess.com"]
[Source "ChessBase"]
[SourceQuality "1"]
[TimeControl "40/5400+30:1800+30"]

1. e4 c5 2. Nf3 d6 3. Bb5+ Nd7 4. O-O a6 5. Bd3 Ngf6 6. c3 b5 7. Bc2 Bb7 8. Re1 c4 9. b3 (9. a4 $14) 9... e6 $1 $11 10. Qe2 Qc7 11. a4 cxb3 12. Bxb3 Nc5 13. Bc2 Nxa4 14. Bxa4 bxa4 15. d3 Be7 16. c4 {[%mdl 1024] White has compensation.} O-O 1/2-1/2

[Event "Israel Team Championship 2025"]
[Site "Israel"]
[Date "2025.01.18"]
[Round "4"]
[White "Shohat, Yotam"]
[Black "Sokolovsky, Yahli"]
[Result "1/2-1/2"]
[Annotator "TA"]
[ECO "B90"]
[WhiteElo "2404"]
[BlackElo "2535"]
[PlyCount "38"]
[EventDate "2025.01.07"]
[EventType "team-tourn"]
[EventCountry "ISR"]
[SourceTitle "playchess.com"]
[Source "ChessBase"]
[SourceQuality "1"]
[TimeControl "40/5400+30:1800+30"]

1. e4 c5 2. Nf3 d6 3. d4 cxd4 4. Nxd4 Nf6 5. Nc3 a6 6. Be3 e5 7. Nb3 Be6 8. f3 h5 9. Qd2 Nbd7 10. Nd5 Bxd5 11. exd5 g6 12. O-O-O Bg7 13. Kb1 Qc7 14. Be2 (14. h3 $5) 14... O-O 15. h4 (15. g4 $1 $14) 15... a5 ({Better is} 15... Rfe8 $11) 16. a4 $1 $14 Nb6 17. Bxb6 Qxb6 18. Bb5 Kh7 {[#]} 19. g4 $1 Kg8 (19... Qd8 20. Rhg1) 1/2-1/2

[Event "Israel Team Championship 2025"]
[Site "Israel"]
[Date "2025.01.18"]
[Round "4"]
[White "Efroimski, Marsel"]
[Black "Mesropov, Konstantin"]
[Result "1/2-1/2"]
[Annotator "TA"]
[ECO "C10"]
[WhiteElo "2389"]
[BlackElo "2450"]
[PlyCount "37"]
[EventDate "2025.01.07"]
[EventType "team-tourn"]
[EventCountry "ISR"]
[SourceTitle "playchess.com"]
[Source "ChessBase"]
[SourceQuality "1"]
[TimeControl "40/5400+30:1800+30"]

1. e4 e6 2. d4 d5 3. Nc3 h6 4. Nf3 Nf6 5. e5 Ne4 6. Bd3 Bb4 7. O-O Nxc3 8. bxc3 Bxc3 9. Rb1 Nc6 10. Be3 Na5 11. g3 Bd7 12. Nh4 Qe7 13. f4 O-O-O 14. f5 {[#]} Nc4 (14... Qa3 $1 $17 15. Qg4 Rhg8) 15. Bxc4 $15 dxc4 16. Qe2 Ba5 17. Qxc4 Qa3 18. Qb3 Qxb3 19. axb3 1/2-1/2

[Event "Israel Team Championship 2025"]
[Site "Israel"]
[Date "2025.01.15"]
[Round "4"]
[White "Milikow, Yoav"]
[Black "Deutsch, Eyal"]
[Result "1/2-1/2"]
[Annotator "TA"]
[ECO "E43"]
[WhiteElo "2362"]
[BlackElo "2286"]
[PlyCount "22"]
[EventDate "2025.01.07"]
[EventType "team-tourn"]
[EventCountry "ISR"]
[SourceTitle "playchess.com"]
[Source "ChessBase"]
[SourceQuality "1"]
[TimeControl "40/5400+30:1800+30"]

1. d4 Nf6 2. c4 e6 3. Nc3 Bb4 4. e3 b6 5. Bd3 Bb7 6. Nge2 Bxg2 7. Rg1 Bf3 8. Rxg7 Nh5 {Prevents Rg3} 9. Rxh7 ({Better is} 9. Rg1) 9... Rxh7 $17 10. Bxh7 Bxc3+ 11. bxc3 Qh4 1/2-1/2

[Event "Israel Team Championship 2025"]
[Site "Israel"]
[Date "2025.01.15"]
[Round "4"]
[White "Bitensky, Igor"]
[Black "Axelrod, Arie"]
[Result "0-1"]
[Annotator "TA"]
[ECO "E67"]
[WhiteElo "2360"]
[BlackElo "2161"]
[PlyCount "62"]
[EventDate "2025.01.07"]
[EventType "team-tourn"]
[EventCountry "ISR"]
[SourceTitle "playchess.com"]
[Source "ChessBase"]
[SourceQuality "1"]
[TimeControl "40/5400+30:1800+30"]

1. Nf3 Nf6 2. g3 g6 3. Bg2 Bg7 4. O-O O-O 5. c4 d6 6. d4 Nbd7 7. Nc3 e5 8. e3 c6 9. a4 Nh5 10. a5 f5 11. b3 (11. dxe5 $14 {should be considered.} dxe5 12. e4) 11... e4 $11 12. Ne1 Ndf6 13. Nc2 a6 14. Qd2 d5 15. Na4 g5 16. Ba3 Rf7 17. Nb6 Rb8 $1 18. cxd5 cxd5 19. Qb4 {[#]} (19. f4 $14 {stays ahead.}) 19... Bf8 $1 $17 20. Qd2 {[#]} f4 $1 21. Nxc8 {[%cal Re3f4] and exf4! should not be overlooked} (21. Bxf8 Qxf8) 21... Rxc8 22. Bxf8 (22. Rfc1 $17) 22... Qxf8 $19 23. Rfc1 Ng4 24. exf4 (24. Qd1 $17 f3 25. Bh3) 24... gxf4 25. Qb4 $2 (25. Ne1 Re8 26. Nd3) 25... Rfc7 (25... Qh6 $142 {( -> ...fxg3)} 26. Qb6 Nhf6) 26. Qd2 $2 (26. Qxf8+ Kxf8 27. Bh3) 26... Qh6 {[%cal Oh5g3] and ...Nxg3! should not be overlooked} 27. Nb4 {[#]} Nxg3 $1 28. hxg3 Qh2+ 29. Kf1 f3 (29... fxg3 $2 30. Qg5+ (30. Nxd5 $2 {loses.} Rf8 $19) 30... Kh8 31. Rxc7 $18 (31. Nxd5 $2 Rf8 $19)) 30. Bxf3 exf3 31. Qg5+ Kh8 0-1

[Event "Israel Team Championship 2025"]
[Site "Israel"]
[Date "2025.01.15"]
[Round "4"]
[White "Sherman, Raem"]
[Black "Zlatin, Alexander"]
[Result "1/2-1/2"]
[Annotator "TA"]
[ECO "C42"]
[WhiteElo "2354"]
[BlackElo "2322"]
[PlyCount "149"]
[EventDate "2025.01.07"]
[EventType "team-tourn"]
[EventCountry "ISR"]
[SourceTitle "playchess.com"]
[Source "ChessBase"]
[SourceQuality "1"]
[TimeControl "40/5400+30:1800+30"]

1. e4 e5 2. Nf3 Nf6 3. Nc3 Bb4 4. Bd3 Nc6 5. h3 h6 6. O-O Bxc3 7. dxc3 d6 8. Re1 Be6 9. Be3 Rg8 10. b4 g5 11. Nh2 Ne7 12. c4 Ng6 13. c5 Nf4 14. cxd6 cxd6 15. c4 Nxd3 16. Qxd3 Qd7 17. Rad1 b6 18. Nf1 Rc8 19. Ng3 ({Much weaker is} 19. Qxd6 Qxd6 20. Rxd6 Rxc4 $15 (20... Nxe4 21. Rd3 $15)) (19. c5 {is interesting.} dxc5 20. Qa3 cxb4 21. Qxb4 Qe7 22. Qb5+) 19... Bxc4 20. Qxd6 Qxd6 21. Rxd6 Be6 22. f3 Ke7 23. Red1 Rgd8 24. Rxd8 Rxd8 25. Rxd8 Kxd8 26. a3 Kc7 27. Ne2 Ne8 28. Kf2 Nd6 29. Nc3 Nc4 30. Bc1 Kc6 31. g3 f6 32. h4 gxh4 33. gxh4 h5 34. Ke2 b5 35. Kf2 a6 36. Ne2 Bf7 37. f4 Kd6 38. f5 Be8 39. Nc3 Bc6 40. Ke2 Nb6 41. Kd3 Na4 42. Ne2 Be8 43. Be3 Bf7 44. Kc2 Bc4 45. Ng3 Bf7 46. Ba7 Kc6 47. Nh1 Nb6 48. Bxb6 Kxb6 49. Nf2 Bc4 50. Kc3 Be2 51. Kd2 Bc4 52. Nd1 Ba2 53. Kc2 Bc4 54. Nb2 Bf1 55. Kd2 a5 56. bxa5+ Kxa5 57. Ke3 b4 58. axb4+ Kxb4 59. Kf2 Bb5 60. Nd1 $1 Bd3 61. Ke3 Bc2 62. Nf2 Kc3 63. Nh3 Bb3 64. Ng1 Bd1 65. Nh3 $1 Bb3 66. Nf2 Bc2 67. Nh1 Bb3 68. Ng3 Bf7 69. Nf1 Bc4 70. Nd2 (70. Ng3 $5 Bf7 $8 71. Ne2+ Kc4 72. Ng3 $11) 70... Bd3 71. Nf3 Bc4 72. Ne1 Bf1 73. Nf3 Bc4 74. Ng1 Bf1 75. Nf3 1/2-1/2

[Event "Israel Team Championship 2025"]
[Site "Israel"]
[Date "2025.01.15"]
[Round "4"]
[White "Arlinsky, Uriel"]
[Black "Newman, Ori"]
[Result "0-1"]
[Annotator "TA"]
[ECO "A11"]
[WhiteElo "2322"]
[BlackElo "2276"]
[PlyCount "86"]
[EventDate "2025.01.07"]
[EventType "team-tourn"]
[EventCountry "ISR"]
[SourceTitle "playchess.com"]
[Source "ChessBase"]
[SourceQuality "1"]
[TimeControl "40/5400+30:1800+30"]

1. c4 c6 2. g3 d5 3. Bg2 Nf6 4. Nf3 Bf5 5. Qb3 Qb6 6. d3 e6 7. Qxb6 axb6 8. Nc3 Nbd7 9. O-O Be7 10. b3 O-O 11. Bb2 Nc5 12. h3 h6 13. Ne5 Rfd8 14. f4 Nfd7 15. Nxd7 Rxd7 16. cxd5 exd5 17. g4 Bh7 {Black is more active.} 18. f5 Bg5 19. Kh2 b5 (19... Bf6 $15) 20. d4 $11 Na6 21. a3 Be3 22. Nd1 Re8 23. b4 ({White should play} 23. Nxe3 $11 Rxe3 24. Bc1 Rxe2 (24... Rxb3 25. h4 $17) 25. Kg3) 23... Bg5 24. Nc3 $1 Be3 (24... Re3 $15) 25. Rad1 (25. Nd1 $1 $11) 25... Nc7 $15 26. h4 g6 27. Rd3 $1 Rde7 28. Nd1 $1 gxf5 29. gxf5 {aiming for Rf3.} h5 $1 30. Nxe3 Rxe3 31. Rxe3 Rxe3 32. Rf2 {[#]} Ne8 $1 33. Bc1 Rc3 34. Bg5 f6 35. Bh6 Nd6 (35... Rxa3 36. Bf3 Bxf5 37. Bxd5+ Kh7 (37... cxd5 38. Rxf5 Kf7 39. Rxd5 $11) 38. Rxf5 $11) (35... Kf7 $17 {[%cal Oe8d6] next ...Nd6! is good for Black.} 36. Bf3 Bxf5 37. Bxh5+ Bg6) 36. Bh3 (36. Bxd5+ $1 $11 {and White has nothing to worry.} cxd5 37. Rg2+ Kf7 (37... Kh8 38. Bg7+ Kg8 39. Bh6+ Kf7 40. Rg7+ Ke8 41. Rxh7 $15) 38. Rg7+ Ke8 39. Bf4) 36... Kf7 $1 $19 ({Not} 36... Rxa3 37. Rg2+ Kh8 38. Bg7+ Kg8 39. Bh6+ Kh8 40. Bg7+ Kg8 41. Bh6+ $11) 37. Bf4 Nxf5 38. Bxf5 Bxf5 {KRB-KRB. Black is a pawn up.} 39. Rf3 Rc2 40. Re3 Rc4 41. Bg3 (41. Bd6 $142) 41... Rxd4 42. Kg1 Rd2 43. Bf4 Ra2 0-1

[Event "Israel Team Championship 2025"]
[Site "Israel"]
[Date "2025.01.18"]
[Round "4"]
[White "Krayz, Alexander"]
[Black "Klenburg, Michael"]
[Result "1/2-1/2"]
[Annotator "TA"]
[ECO "B07"]
[WhiteElo "2300"]
[BlackElo "2332"]
[PlyCount "45"]
[EventDate "2025.01.07"]
[EventType "team-tourn"]
[EventCountry "ISR"]
[SourceTitle "playchess.com"]
[Source "ChessBase"]
[SourceQuality "1"]
[TimeControl "40/5400+30:1800+30"]

1. e4 d6 2. d4 Nf6 3. Nc3 e5 4. Nf3 Nbd7 5. g3 g6 6. Bg2 Bg7 7. O-O O-O 8. Re1 a6 9. a4 b6 10. dxe5 dxe5 11. b3 Bb7 12. Ba3 Re8 13. Qe2 Bf8 14. Bxf8 Nxf8 15. Rad1 Qe7 16. Nd5 Nxd5 17. exd5 f6 18. Nd2 {White is more active.} Rad8 19. Qc4 {and d6+ should not be overlooked} Qf7 20. f4 (20. Ne4 $16) 20... Bxd5 $15 21. Bxd5 Qxd5 22. fxe5 (22. Qxc7 $15 exf4 23. Rxe8 (23. Qxb6 $2 Rxe1+ 24. Rxe1 Qxd2 $19) (23. Ne4 $2 Qxe4 24. Rxe4 Rxd1+ 25. Kf2 Rxe4 $19) 23... Rxe8 24. Qxf4 Qc5+ 25. Kg2) 22... Qxc4 ({But not} 22... fxe5 $6 23. Qxc7 Qd4+ 24. Kh1 $11) ({Black should try} 22... Rxe5 $17 {Hoping for ...Kg7.} 23. Kf1 Kh8) 23. Nxc4 1/2-1/2

[Event "Israel Team Championship 2025"]
[Site "Israel"]
[Date "2025.01.15"]
[Round "4"]
[White "Steiner-Prozhanski, Giora"]
[Black "Bar, Roman"]
[Result "1/2-1/2"]
[Annotator "TA"]
[ECO "E25"]
[WhiteElo "2258"]
[BlackElo "2458"]
[PlyCount "37"]
[EventDate "2025.01.07"]
[EventType "team-tourn"]
[EventCountry "ISR"]
[SourceTitle "playchess.com"]
[Source "ChessBase"]
[SourceQuality "1"]
[TimeControl "40/5400+30:1800+30"]

1. d4 Nf6 2. c4 e6 3. Nc3 Bb4 4. f3 d5 5. a3 Bxc3+ 6. bxc3 c5 7. cxd5 Nxd5 8. dxc5 Qa5 9. e4 Nf6 10. Be3 O-O 11. Qb3 Nfd7 12. a4 Qc7 13. Qa3 b6 14. a5 {Hoping for axb6.} Bb7 15. Ne2 Nxc5 16. Nd4 Qe5 (16... Nc6 $11) 17. Be2 $16 f5 18. O-O fxe4 {[#]} 19. f4 $1 1/2-1/2